 Dungeon Crawl Stone Soup version 0.27-a0-1378-gdefffd1ff6 (webtiles) character file.

Game seed: 3312242897444785399

1922 ABBCCCDDDD the Magician (level 9, -12/64 HPs)
             Began as a Djinni Ice Elementalist on June 29, 2021.
             Was a Believer of Makhleb.
             Killed from afar by a centaur (14 damage)
             ... with an iceblast
             ... on level 6 of the Dungeon.
             The game lasted 00:14:41 (7830 turns).

ABBCCCDDDD the Magician (Djinni Ice Elementalist)   Turns: 7830, Time: 00:14:42

Health: -12/64     AC:  4    Str:  7    XL:     9   Next: 39%
Gold:   265        EV: 16    Int: 19    God:    Makhleb [**....] SH:  0 Dex: 21

rFire    + + .     SeeInvis .   l - +2 whip (venom)
rCold    x . .     Faith    .   (no shield)
rNeg     . . .     Spirit   .   p - +0 robe of the Tormentor {Slay+2}
rPois    ∞         Reflect  .   (no helmet)
rElec    .         Harm     .   j - +0 cloak
rCorr    .         Rampage  .   o - +0 pair of gloves
Will     .....                  (boots unavailable)
Stlth    ++........             (no amulet)
HPRegen  0.20/turn              g - +6 ring of dexterity
MPRegen  0.00/turn              (no ring)

@: flying
A: sickness immunity, fire resistance 2, cold vulnerability 1, float, innate
caster, hp casting, extra vitality 1
a: Renounce Religion, Minor Destruction


You were on level 6 of the Dungeon.
You worshipped Makhleb.
Makhleb was pleased with you.
You visited 1 branch of the dungeon, and saw 6 of its levels.
You also visited: Sewer.

You collected 265 gold pieces.

Inventory:

Hand Weapons
 c - a +0 short sword
 l - a +2 whip of venom (weapon)
 D - a +5 falchion
Missiles
 b - 208 stones (quivered)
 s - 56 poisoned darts
 t - a curare-tipped dart
Armour
 j - a +0 cloak (worn)
 o - a +0 pair of gloves (worn)
 p - the +0 robe of the Tormentor (worn) {Slay+2}
   (You found it on level 4 of the Dungeon)

   Slay:      It affects your accuracy & damage with ranged weapons and melee
   (+2).
 r - the +1 leather armour of Pessimism {rPois rN+}
   (You found it on level 4 of the Dungeon)

   rPois:     It protects you from poison.
   rN:        It protects you from negative energy.
Jewellery
 g - a +6 ring of dexterity (left hand)
Wands
 w - a wand of acid (6)
Scrolls
 e - a scroll of immolation
 n - a scroll of magic mapping {unknown}
 x - a scroll of teleportation {unknown}
 y - a scroll of noise {unknown}
 z - a scroll of silence {unknown}
 A - a scroll of enchant armour {unknown}
 B - a scroll of torment {unknown}
 C - a scroll of blinking {unknown}
Potions
 f - 2 potions of cancellation
 h - a potion of lignification
 m - 2 potions of curing
 q - a potion of haste {unknown}
 u - 2 potions of flight
 v - a potion of heal wounds {unknown}


   Skills:
 + Level 4.9 Fighting
 + Level 6.0 Dodging
 - Level 1.5 Stealth
 * Level 6.5 Spellcasting
 + Level 3.4 Invocations
 + Level 3.5 Evocations


You couldn't memorise any spells.
You knew the following spells:

 Your Spells              Type           Power      Damage    Failure   Level
a - Freeze                Ice            100%       1d11      1%          1
b - Frozen Ramparts       Ice            62%        1d8       2%          3
c - Ozocubu's Armour      Ice            31%        N/A       2%          3
d - Hailstorm             Conj/Ice       31%        3d8       7%          4
e - Metabolic Englaciati  Hex/Ice        15%        N/A       21%         5
f - Apportation           Tloc           62%        N/A       1%          1
g - Passwall              Tmut/Erth      25%        N/A       1%          2
h - Poisonous Vapours     Pois/Air       62%        N/A       1%          2
i - Vampiric Draining     Necr           15%        2d8       2%          3
Your spell library was empty.

Dungeon Overview and Level Annotations

Branches:
Dungeon (6/15)             Temple (0/1) D:5           Sewer (visited)

Altars:
Makhleb
Zin

Shops:
D:6 :


Innate Abilities, Weirdness & Mutations

You are immune to sickness and miasma.
You are immune to poison.
Your flesh is very heat resistant. (rF++)
You are vulnerable to cold. (rC-)
You float through the air rather than walking.
You learn spells naturally, not from books.
Your magical power is your life essence.
You have superior vitality. (+4 HP)


Message History

The wall freezes the wight but does no damage.
The wight barely misses you.
The wight completely resists.
The wall freezes the wight but does no damage.
The wight hits you from afar with a +0 spear.
You completely miss the wight.
The wight is heavily damaged.
The wight resists.
The wall freezes the wight.
The wight misses you.
The wall freezes the orc wizard.
You kill the orc wizard!
Makhleb accepts your kill.
You feel better.
The wight completely resists.
The wall freezes the wight but does no damage.
The wight resists.
The wall freezes the wight.
The wight completely misses you.
The wight resists.
The wall freezes the wight.
The wight barely misses you.
The wight completely resists.
The wall freezes the wight but does no damage.
The wight hits you with a +0 dire flail!
The wight resists.
The wall freezes the wight.
Your icy armour and frozen ramparts will break if you move.
Continue?
Your icy armour cracks and falls away as you move.
The frozen ramparts melt away as you move.
Found a transparent quarterstaff.
The centaur shouts!
The centaur shoots an arrow.
The arrow barely misses you.
The centaur zaps a wand.
The mass of ice explodes!
The iceblast engulfs you!
You feel a painful chill!
* * * LOW HITPOINT WARNING * * *
You hear a shout!
The centaur shoots an arrow.
The arrow hits you!
* * * LOW HITPOINT WARNING * * *
It was a potion of curing.
You feel better.
The centaur zaps a wand.
The mass of ice explodes!
The iceblast engulfs you!
You feel a painful chill!
* * * LOW HITPOINT WARNING * * *
The iceblast engulfs the wight.
The wight partially resists.
The wight closely misses you.
It was a potion of flight.
You feel more buoyant.
The centaur zaps a wand.
The mass of ice explodes!
The iceblast engulfs you!
You feel a painful chill!
You die...

####.#.8.∩<8.........
#.........(........#
##..##8.............
#....#..............
#####....#............
#........#<........#
##...................
#....................
###.........@.#........
###..........z..#........
#...........z............
...##........[...c....<.
#........z.##....##.....
#..#....z####....#.......
##..#...o..##............... #
#.......##....................
..#......###...##...............


You could see a centaur, 4 wights and an orc.

Vanquished Creatures
  Grinder (D:4)
  A yak (D:5)
  A water moccasin (D:6)
  An ice beast (D:5)
  A black bear (D:5)
  A sky beast (D:5)
  A necrophage (D:5)
  3 ogres (D:5)
  A kobold brigand (Sewer)
  2 scorpions
  A wight (D:5)
  A howler monkey (D:5)
  4 hounds
  2 jellies (D:5)
  An orc priest (D:3)
  A bullfrog skeleton (D:5)
  A centaur skeleton (D:4)
  An iguana (D:4)
  2 orc wizards
  A gnoll (D:1)
  A howler monkey skeleton (D:6)
  2 river rats (Sewer)
  5 adders
  A shadow imp (D:6)
  An ufetubus (D:6)
  3 worms
  A dart slug (D:2)
  17 orcs
  6 ball pythons
  4 bats
  9 endoplasms
  4 giant cockroaches
  6 goblins
  14 hobgoblins
  10 jackals
  5 quokkas
  3 frilled lizards
  A jackal skeleton (D:4)
  8 kobolds
  10 rats
139 creatures vanquished.

Notes
Turn   | Place    | Note
-------+----------+-------------------------------------------
     0 | D:1      | ABBCCCDDDD the Djinni Ice Elementalist began the quest for
                  | the Orb.
     0 | D:1      | Reached XP level 1. HP: 15/15 MP: 0/0
   287 | D:1      | Reached XP level 2. HP: 15/22 MP: 0/0
   645 | D:1      | Reached skill level 1 in Fighting
   645 | D:1      | Reached XP level 3. HP: 14/27 MP: 0/0
   645 | D:1      | Learned a level 1 spell: Apportation
  1705 | D:2      | Found a burning altar of Makhleb.
  1723 | D:2      | Reached XP level 4. HP: 31/32 MP: 0/0
  1778 | D:2      | Became a worshipper of Makhleb the Destroyer
  3269 | D:3      | Reached XP level 5. HP: 36/38 MP: 0/0
  3269 | D:3      | Learned a level 2 spell: Passwall
  3359 | D:3      | Reached * piety under Makhleb
  4319 | D:4      | Reached XP level 6. HP: 36/45 MP: 0/0
  4386 | D:4      | Noticed Grinder
  4416 | D:4      | Identified the +0 robe of the Tormentor {Slay+2}
  4547 | D:4      | Identified the +1 leather armour of Pessimism {rPois rN+}
  4577 | D:4      | Found a glowing drain.
  4596 | Sewer    | Entered a sewer
  4987 | Sewer    | Found a glowing silver altar of Zin.
  5184 | D:4      | Reached XP level 7. HP: 39/50 MP: 0/0
  5184 | D:4      | Learned a level 2 spell: Poisonous Vapours
  5311 | D:4      | Found a glowing silver altar of Zin.
  5385 | D:4      | Reached skill level 5 in Spellcasting
  5581 | D:4      | Killed Grinder
  5582 | D:4      | Reached skill level 1 in Invocations
  5582 | D:4      | Reached skill level 1 in Evocations
  5871 | D:5      | Entered Level 5 of the Dungeon
  6065 | D:5      | Reached XP level 8. HP: 49/56 MP: 0/0
  6350 | D:5      | Reached skill level 5 in Dodging
  6557 | D:5      | Reached ** piety under Makhleb
  6738 | D:5      | Found a staircase to the Ecumenical Temple.
  6845 | D:5      | Reached XP level 9. HP: 28/63 MP: 0/0
  6845 | D:5      | Learned a level 3 spell: Vampiric Draining
  7275 | D:6      | Found Jonnoh's Book Shop.
  7829 | D:6      | HP: 2/64 [centaur/iceblast (10)]
  7830 | D:6      | Killed from afar by a centaur

Illustrated notes

Levels and vault maps discovered:
D:1:      minmay_arrival_shattered_statue, layout_loops_ring,
          serial_park_tiny_2, amcnicky_mini_corridor_feature
D:2:      layout_basic, basic_altar
D:3:      layout_loops_corners, amcnicky_mini_rare_corridor_liquid,
          kennysheep_generic_room_15
D:4:      layout_basic, amcnicky_altar_gilded, cheibrodos_sewer_entry_bend,
          uniq_grinder
D:5:      layout_basic, temple_statues, hangedman_minor_gate_pass
D:6:      layout_cave_pools, serial_shops, nicolae_shop_statue_plus, shop,
          kennysheep_little_box

Skill      XL: |  1  2  3  4  5  6  7  8  9 |
---------------+----------------------------+-----
Fighting       | 1 2 3 4 |  4.9
Dodging        | 3 4 5 6 |  6.0
Spellcasting   | 4 5 6 |  6.5
Invocations    | 1 2 3 |  3.4
Evocations     | 1 2 3 |  3.5
Stealth        | |  1.5

Action                   |  1- 3 |  4- 6 |  7- 9 || total
-------------------------+-------+-------+-------++-------
Melee: Short sword       |     5 |     2 |       ||     7
       Whip              |       |     9 |    87 ||    96
Throw: Stone             |       |       |     1 ||     1
 Cast: Freeze            |    51 |   118 |    57 ||   226
       Ozocubu's Armour  |       |       |    10 ||    10
       Frozen Ramparts   |       |       |     7 ||     7
Evoke: Wand              |       |       |     3 ||     3
  Use: Scroll            |       |       |     5 ||     5
       Potion            |       |       |     2 ||     2
 Stab: Sleeping          |     1 |     4 |     3 ||     8
Armor: Robe              |     5 |    15 |    42 ||    62
Dodge: Dodged            |    32 |    53 |   128 ||   213

Table legend: (Time is in decaauts)
 A = Elapsed time spent in this place.
 B = Non-inter-level travel time spent in this place.
 C = Inter-level travel time spent in this place.
 D = Time resting spent in this place.
 E = Time spent auto-exploring this place.
 F = Levels seen in this place.
 G = Mean time per level.
                   A        B        C        D        E       F      G
               +--------+--------+--------+--------+--------+-----+--------+
         Total |   7844 |   7643 |    201 |   2834 |   3446 |   7 | 1120.6 |
       Dungeon |   7420 |   7219 |    201 |   2565 |   3375 |   6 | 1236.7 |
         Sewer |    424 |    424 |      0 |    269 |     71 |   1 |  424.0 |
               +--------+--------+--------+--------+--------+-----+--------+

Top non-repeatable levels by time:
     D:5: 1739 daAuts
     D:1: 1649 daAuts
     D:2: 1419 daAuts
     D:3: 1309 daAuts
     D:4: 1073 daAuts
   Sewer: 424 daAuts
     D:6: 228 daAuts
